 Dungeon Crawl Stone Soup version 0.28-a0-413-gde365fb1df (webtiles) character file.

Game seed: 13201372947410580390

132409 KennyOmg the Warrior (level 16, -1/155 HPs)
             Began as a Minotaur Berserker on Sept 7, 2021.
             Was a High Priest of Trog.
             Drowned by a water elemental (6 damage)
             ... summoned by Ilsuiw
             ... on level 2 of the Shoals.
             The game lasted 00:50:18 (35303 turns).

KennyOmg the Warrior (Minotaur Berserker)          Turns: 35303, Time: 00:50:19

Health: -1/155     AC: 22    Str: 24    XL:     16   Next: 57%
Magic:  15/15      EV: 12    Int:  8    God:    Trog [*****.]
Gold:   2786       SH: 24    Dex: 15    Spells: 15/15 levels left

rFire   + + +      SeeInvis .   X - +11 morningstar of Trog {flame, rF+ Will+}
rCold   + . .      Faith    +   Z - +4 tower shield
rNeg    . . .      Spirit   .   N - +4 scale mail {rF+}
rPois   .          Reflect  .   R - +0 hat
rElec   .          Harm     .   Y - scarf {rC+ rF+}
rCorr   .          Rampage  +   b - +1 pair of gloves "Kimeah" {Rampage Dex+4}
Will    ++...                   y - +0 pair of boots
Stlth   ..........              f - amulet of faith {!P}
HPRegen 0.35/turn               O - +4 ring of protection
MPRegen 0.14/turn               V - ring of flight

@: engulfed (cannot breathe), flying
A: horns 2, retaliatory headbutt
a: Renounce Religion, Berserk, Trog's Hand, Brothers in Arms


You were on level 2 of the Shoals.
You worshipped Trog.
Trog was extremely pleased with you.
You visited 5 branches of the dungeon, and saw 26 of its levels.
You also visited: Volcano.

You collected 2786 gold pieces.

Inventory:

Hand Weapons
 X - the +11 morningstar of Trog (weapon) {flame, rF+ Will+}
   (Trog gifted it to you on level 6 of the Lair of Beasts)

   It burns those it strikes, dealing additional fire damage.
   rF:        It protects you from fire.
   Will:      It increases your willpower.
Missiles
 j - 85 poisoned darts (quivered)
 s - 17 javelins
 A - 7 throwing nets {!f}
 M - 5 curare-tipped darts {!f}
Armour
 b - the +1 pair of gloves "Kimeah" (worn) {Rampage Dex+4}
   (You acquired it on level 14 of the Dungeon)

   Dex:       It affects your dexterity (+4).
   Rampage:   It bestows one free step when moving towards enemies.
 y - a +0 pair of boots (worn)
   (You found it on level 5 of the Dungeon)
 N - a +4 scale mail of fire resistance (worn)
   (You took it off Harold on level 10 of the Dungeon)
 R - a +0 hat (worn)
   (You took it off Gastronok on level 12 of the Dungeon)
 Y - a scarf of resistance (worn)
   (You found it on level 14 of the Dungeon)
 Z - a +4 tower shield (worn)
   (You found it on level 14 of the Dungeon)
Jewellery
 f - an amulet of faith (around neck) {!P}
   (You found it on level 1 of the Dungeon)
 l - a +4 ring of evasion
   (You found it on level 15 of the Dungeon)
 o - a ring of protection from cold
   (You found it on level 1 of the Lair of Beasts)
 p - a ring of poison resistance
   (You took it off a merfolk on level 1 of the Shoals)
 F - a ring of resist corrosion
   (You found it on level 8 of the Dungeon)
 O - a +4 ring of protection (left hand)
   (You found it on level 5 of the Dungeon)
 V - a ring of flight (right hand)
   (You found it on level 13 of the Dungeon)
Wands
 c - a wand of charming (18)
   (You found it on level 1 of the Shoals)
 d - a wand of iceblast (14)
   (You found it on level 3 of the Lair of Beasts)
 t - a wand of flame (107)
   (You found it on level 3 of the Dungeon)
 v - a wand of digging (11)
   (You took it off Grum on level 11 of the Dungeon)
 x - a wand of acid (15)
   (You found it on level 11 of the Dungeon)
 D - a wand of mindburst (32)
   (You found it on level 6 of the Dungeon)
 K - a wand of polymorph (9)
   (You took it off Joseph on level 9 of the Dungeon)
Scrolls
 g - a scroll of identify {@r1}
 i - 11 scrolls of teleportation {@r4}
 n - 5 scrolls of magic mapping
 r - 5 scrolls of fear
 w - 4 scrolls of holy word
 z - a scroll of summoning
 E - 4 scrolls of fog
 I - 5 scrolls of immolation {!r}
 J - a scroll of blinking
 L - 3 scrolls of vulnerability {!r}
 P - 2 scrolls of brand weapon
Potions
 a - 2 potions of cancellation {unknown}
 e - a potion of magic
 h - 2 potions of might
 m - 2 potions of lignification {!q}
 q - 4 potions of attraction {!q}
 u - 2 potions of curing {@q1}
 B - 3 potions of haste {@q3}
 C - a potion of mutation {!q}
 H - 2 potions of resistance
 S - a potion of ambrosia
Miscellaneous
 Q - a lightning rod (4/4) {!a}
   (You found it on level 6 of the Lair of Beasts)
 T - a lightning rod (4/4) {!a}
   (You found it on level 12 of the Dungeon)
 U - a phial of floods
   (You found it on level 12 of the Dungeon)


   Skills:
 + Level 17.2 Fighting
 - Level 5.4(10.5) Axes
 * Level 13.7(14.0) Maces & Flails
 - Level 16.0 Armour
 - Level 6.3 Dodging
 * Level 17.1 Shields
 - Level 10.0 Evocations


You had 15 spell levels left.
You didn't know any spells.
Your spell library was empty.

Dungeon Overview and Level Annotations

Branches:
Dungeon (15/15)            Temple (1/1) D:5            Lair (6/6) D:11
 Shoals (2/4) Lair:3       Spider (0/4) Lair:2        Slime (0/5) Lair:5
    Orc (2/2) D:10            Elf (0/3) Orc:2        Vaults (0/5) D:14
 Depths (0/5) D:15        Volcano (visited)

Altars:
Ashenzari
Cheibriados
Dithmenos
Elyvilon
Fedhas
Gozag
Hepliaklqana
Kikubaaqudgha
Makhleb
Nemelex Xobeh
Okawaru
Qazlal
Ru
Sif Muna
Trog
Uskayaw
Vehumet
Wu Jian
Xom
Yredelemnul
Zin
The Shining One

Shops:
Orc:2 **:*

Annotations:
Shoals:2 Ilsuiw


Innate Abilities, Weirdness & Mutations

You have a pair of horns on your head.
You reflexively headbutt those who attack you in melee.


Message History

The merfolk impaler barely misses you.
You puncture the merfolk siren! You burn the merfolk siren.
You headbutt the merfolk siren!
You are no longer entranced.
You kill the merfolk siren!
Trog accepts your kill.
Trog appreciates your killing of a magic user.
You hear a splash.
You block the merfolk's attack.
The merfolk impaler hits you with a +0 trident!
* * * LOW HITPOINT WARNING * * *
The water elemental hits you.
* * * LOW HITPOINT WARNING * * *
The water elemental engulfs you in water!
You block the merfolk's attack.
You hear some strange, mumbled words.
You barely miss the merfolk impaler.
Your headbutt misses the merfolk impaler.
* * * LOW HITPOINT WARNING * * *
Your lungs strain for air!
You block the merfolk impaler's attack.
The merfolk hits you from afar with a +0 trident!
* * * LOW HITPOINT WARNING * * *
You block the water elemental's attack. You block the merfolk's attack.
The merfolk impaler hits you with a +0 trident!
* * * LOW HITPOINT WARNING * * *
The water elemental closely misses you. Something hits you.
* * * LOW HITPOINT WARNING * * *
Something freezes you.
* * * LOW HITPOINT WARNING * * *
Okay, then.
You cannot read scrolls while unable to breathe!
You feel much better.
* * * LOW HITPOINT WARNING * * *
Your lungs strain for air!
You block the merfolk's attack. You block the merfolk impaler's attack.
The water elemental misses you. You furiously retaliate!
You headbutt the water elemental! The merfolk hits you with a +0 trident!
* * * LOW HITPOINT WARNING * * *
The merfolk impaler hits you with a +0 trident.
* * * LOW HITPOINT WARNING * * *
You block the water elemental's attack. Something hits you.
* * * LOW HITPOINT WARNING * * *
Okay, then.
Okay, then.
Aim: a merfolk impaler, wielding a +0 trident and wearing a +0 robe (will become a torpor snail, a great orb of eyes, or an ettin, chance to affect: 55%)
The merfolk impaler resists with significant effort.
You die...

##≈≈≈≈≈≈≈≈≈≈≈≈≈
.≈≈≈≈≈≈≈≈≈≈≈≈≈≈..#
≈≈≈≈≈≈≈≈≈≈≈≈≈≈≈≈..
≈≈≈≈≈≈≈≈≈≈≈≈≈≈≈≈≈.
≈≈≈≈≈≈≈≈≈≈≈≈≈≈≈≈≈...
≈≈≈≈≈≈≈≈≈≈≈≈≈≈≈≈≈....
≈...≈≈)m≈≈≈≈≈≈≈≈.....
#≈@≈≈).#.........
#EmE{†.##........
##mE≈†≈.#.........
...≈..≈≈≈≈...≈≈≈..≈.
....≈..≈≈...≈..≈..≈≈≈
≈........###.≈.≈≈..≈
≈≈...###.# #.(..##..
.###. ### ##...###..
#.#######........≈


You could see a merfolk impaler, 2 merfolk and 3 water elementals.

Vanquished Creatures
  Jorgrun (Orc:1)
  Kirke (D:12)
  Gastronok (D:12)
  The ghost of rayg00n the Covert, an adept KoBr of Fedhas (Orc:2)
  Snorg (Lair:3)
  A merfolk impaler (Shoals:1)
  The ghost of Mexzic the Blocker, a journeyman TeCj of Vehumet (Lair:4)
  A merfolk javelineer (Shoals:1)
  6 boulder beetles
  Harold (D:10)
  10 hydras
  2 vault guards (D:14)
  An alligator snapping turtle (Shoals:1)
  A death knight (D:12)
  3 centaur warriors
  12 two-headed ogres
  4 death yaks (Lair:6)
  A tengu warrior (D:12)
  The ghost of FIQ the Thaumaturge, a novice DjFE of Makhleb (D:8)
  Nergalle (Orc:1)
  2 deep trolls (Orc:2)
  5 sea snakes (Shoals:1)
  The ghost of Gargoyl the Skirmisher, a novice GnAK of Lugonu (D:5)
  An orc knight (Orc:2)
  9 harpies
  2 deep elf pyromancers
  A faun (Shoals:1)
  9 slime creatures
  8 ugly things
  4 cyclopes
  2 manticores
  Joseph (D:9)
  23 elephants
  8 merfolk sirens
  2 moths of wrath (Orc:2)
  A water nymph (Shoals:1)
  A torpor snail (Lair:5)
  8 black mambas
  3 unseen horrors
  2 gargoyles
  2 rime drakes
  6 cane toads
  3 kobold demonologists
  8 komodo dragons
  3 efreet
  A yaktaur (D:15)
  A tengu conjurer (D:13)
  8 merfolk
  4 polar bears
  10 trolls
  3 wind drakes (Shoals:1)
  Grinder (D:5)
  11 dream sheep
  5 hornets (Lair:6)
  30 blink frogs
  4 snapping turtles (Shoals:1)
  A tarantella (Lair:2)
  8 spriggans (Lair:6)
  6 wyverns
  2 wraiths
  Eustachio (D:4)
  A vampire (D:12)
  A water elemental (Shoals:1)
  Grum (D:11)
  4 fire elementals
  A steam dragon (D:7)
  33 yaks
  5 basilisks
  3 vampire mosquitoes
  Menkaure (D:5)
  An acid dragon (D:11)
  3 wargs
  Edmund (D:5)
  11 water moccasins
  3 sky beasts
  10 orc warriors
  An ice beast (D:8)
  11 ogres
  5 black bears
  6 boggarts
  16 wolves
  7 centaurs
  A phantom (D:5)
  Blork the orc (D:5)
  16 bullfrogs
  3 kobold brigands
  3 scorpions
  A gnoll sergeant (D:5)
  11 killer bees
  An electric eel (Lair:5)
  10 wights
  8 howler monkeys
  A bullfrog zombie (D:6)
  8 hounds
  2 centaur zombies
  14 orc priests
  A bullfrog skeleton (D:7)
  2 gnoll shamans
  A centaur skeleton (D:8)
  Jessica (D:2)
  An iguana (D:5)
  15 orc wizards
  Terence (D:2)
  2 spectral howler monkeys (D:8)
  A hound skeleton (D:5)
  25 gnolls
  9 adders
  A howler monkey skeleton (D:8)
  A shadow imp (D:6)
  A howler monkey simulacrum (D:8)
  A white imp (D:4)
  3 ufetubi
  An adder skeleton (D:4)
  3 worms
  A dart slug (D:1)
  63 orcs
  9 endoplasms
  A giant cockroach (D:2)
  5 goblins
  9 hobgoblins
  13 jackals
  3 quokkas
  2 ball pythons (D:4)
  9 bats
  3 frilled lizards
  21 kobolds
  5 rats
681 creatures vanquished.

Vanquished Creatures (collateral kills)
  An emperor scorpion (D:15)
  A dire elephant (D:15)
  Azrael (D:12)
  4 vault guards (D:14)
  A great orb of eyes (D:15)
  An ogre mage (Orc:2)
  2 two-headed ogres (Orc:2)
  2 death yaks (Lair:6)
  2 sea snakes (Shoals:1)
  A deep troll (Orc:2)
  A cyclops (Orc:2)
  2 ugly things (D:15)
  2 harpies (Shoals:1)
  A manticore (D:15)
  5 trolls (Orc:2)
  A merfolk (Shoals:1)
  A wind drake (Shoals:1)
  5 slime creatures (D:15)
  A snapping turtle (Shoals:1)
  A water elemental (Shoals:1)
  2 spriggans (Lair:6)
  A yak (Lair:6)
  4 fire elementals (D:12)
  4 humans (D:14)
  12 ogres (Orc:2)
  7 wolves (Lair:6)
  A boggart (Lair:6)
  2 kobold brigands (D:12)
  A kobold (D:12)
70 creatures vanquished.

Vanquished Creatures (others)
  A hydra (Lair:4)
  2 vault guards (D:14)
  An ogre mage (Orc:2)
  3 humans (D:12)
  2 orcs
  A kobold (D:12)
  A butterfly (D:8)
  19 fungi
  38 plants
68 creatures vanquished.

Grand Total: 819 creatures vanquished

Notes
Turn   | Place    | Note
-------+----------+-------------------------------------------
     0 | D:1      | KennyOmg the Minotaur Berserker began the quest for the
                  | Orb.
     0 | D:1      | Reached XP level 1. HP: 19/19 MP: 0/0
   201 | D:1      | Reached XP level 2. HP: 27/27 MP: 1/1
   684 | D:1      | Reached ** piety under Trog
   980 | D:2      | Reached XP level 3. HP: 32/33 MP: 2/2
  1166 | D:2      | Reached skill level 5 in Axes
  1262 | D:2      | Noticed Terence
  1267 | D:2      | Killed Terence
  1268 | D:2      | Reached XP level 4. HP: 41/41 MP: 3/3
  1352 | D:2      | Noticed Jessica
  1356 | D:2      | Killed Jessica
  1357 | D:2      | Reached skill level 5 in Fighting
  1357 | D:2      | Reached skill level 1 in Maces & Flails
  1670 | D:3      | Reached XP level 5. HP: 32/48 MP: 4/4
  2307 | D:3      | Reached *** piety under Trog
  2485 | D:4      | Found a snail-covered altar of Cheibriados.
  2575 | D:3      | Noticed a sky beast
  2584 | D:3      | Killed a sky beast
  2585 | D:3      | Reached XP level 6. HP: 34/57 MP: 5/5
  3156 | D:4      | Noticed Eustachio
  3169 | D:4      | Killed Eustachio
  3170 | D:4      | Reached skill level 5 in Maces & Flails
  3170 | D:4      | Reached XP level 7. HP: 63/63 MP: 6/6
  3176 | D:4      | Identified the +5 whip "Isophud" {spect, +Blink rN+}
  3773 | D:5      | Entered Level 5 of the Dungeon
  3773 | D:5      | Noticed Blork the orc
  3777 | D:5      | Killed Blork the orc
  3897 | D:5      | Found a hide-covered altar of Uskayaw.
  3899 | D:5      | Noticed Grinder
  3904 | D:5      | Paralysed by Grinder for 4 turns
  3911 | D:5      | Reached skill level 5 in Armour
  3917 | D:5      | Killed Grinder
  3918 | D:5      | Reached XP level 8. HP: 61/73 MP: 7/7
  3977 | D:5      | Found an ornate altar of the Wu Jian Council.
  3995 | D:5      | Found a sparkling altar of Nemelex Xobeh.
  4039 | D:5      | Found a runed translucent door.
  4062 | D:5      | Found a staircase to the Ecumenical Temple.
  4195 | D:5      | Reached **** piety under Trog
  4354 | D:5      | Noticed Menkaure
  4358 | D:5      | Killed Menkaure
  4624 | D:5      | Reached XP level 9. HP: 55/81 MP: 8/8
  4953 | D:5      | Noticed Edmund
  4969 | D:5      | Killed Edmund
  5111 | D:5      | Found a bloodstained altar of Trog.
  5485 | D:5      | Reached ***** piety under Trog
  5803 | D:5      | Noticed Gargoyl's ghost (novice GnAK)
  5807 | D:5      | Reached skill level 10 in Maces & Flails
  5821 | D:5      | Killed Gargoyl's ghost
  6167 | D:6      | Found a radiant altar of Vehumet.
  6656 | D:6      | Reached skill level 1 in Shields
  7036 | D:7      | Found a sacrificial altar of Ru.
  7040 | D:7      | Found a blossoming altar of Fedhas.
  7061 | D:7      | Reached XP level 10. HP: 80/91 MP: 9/9
  7337 | D:8      | Received a gift from Trog
  7359 | D:8      | Found a white marble altar of Elyvilon.
  7849 | D:8      | Found a runed translucent gate.
  7849 | D:8      | Found a runed translucent gate.
  7849 | D:8      | Found a runed translucent gate.
  7849 | D:8      | Noticed FIQ's ghost (novice DjFE)
  8275 | D:8      | Killed FIQ's ghost
  8276 | D:8      | Reached skill level 10 in Fighting
  8492 | D:9      | Noticed Joseph
  8505 | D:9      | Killed Joseph
  8611 | D:9      | Reached skill level 10 in Armour
  8851 | D:10     | Entered Level 10 of the Dungeon
  8987 | D:10     | Noticed a two-headed ogre
  8994 | D:10     | Killed a two-headed ogre
  9155 | D:10     | Reached XP level 11. HP: 104/104 MP: 10/10
  9460 | D:10     | Found a basalt altar of Yredelemnul.
  9460 | D:10     | Noticed Harold
  9475 | D:10     | Killed Harold
  9475 | D:10     | Received a gift from Trog
  9791 | D:10     | Noticed a two-headed ogre
  9806 | D:10     | Killed a two-headed ogre
 10202 | D:10     | Found a staircase to the Orcish Mines.
 10503 | D:11     | Noticed a boulder beetle
 10517 | D:11     | Noticed a four-headed hydra
 10541 | D:10     | Killed a boulder beetle
 10655 | D:11     | Killed a four-headed hydra
 10708 | D:11     | Noticed a two-headed ogre
 10716 | D:11     | Killed a two-headed ogre
 10717 | D:11     | Reached skill level 1 in Evocations
 10842 | D:11     | Noticed Grum
 10850 | D:11     | Killed Grum
 11417 | D:11     | Reached skill level 5 in Dodging
 11670 | D:11     | Found a staircase to the Lair.
 11914 | D:12     | Identified the +4 hand axe of Uhidugh {flame, rC+ Str+2
                  | Int+3}
 11938 | D:12     | Noticed a cyan ugly thing
 11949 | D:12     | Killed a cyan ugly thing
 12135 | D:12     | Noticed Kirke
 12150 | D:12     | Noticed a green ugly thing
 12155 | D:12     | Noticed a sphinx
 12165 | D:12     | Killed Kirke
 12166 | D:12     | Reached skill level 5 in Shields
 12166 | D:12     | Reached XP level 12. HP: 42/115 MP: 11/11
 12505 | D:12     | HP: 6/172 [manticore/volley of spikes (25)]
 13028 | D:12     | Noticed Azrael
 13053 | D:12     | Killed Azrael
 13478 | D:12     | Noticed a two-headed ogre
 13482 | D:12     | Killed a two-headed ogre
 13485 | D:12     | Noticed a two-headed ogre
 13505 | D:12     | Killed a two-headed ogre
 13553 | D:12     | HP: 5/116 [basilisk (7)]
 13555 | D:12     | HP: 2/116 [basilisk (4)]
 14025 | D:12     | Noticed Gastronok
 14040 | D:12     | Killed Gastronok
 14086 | D:12     | Noticed a boulder beetle
 14118 | D:12     | Killed a boulder beetle
 14738 | D:12     | Noticed a centaur warrior
 14754 | D:12     | Killed a centaur warrior
 14755 | D:12     | Reached skill level 5 in Evocations
 14916 | D:12     | Noticed a tengu warrior
 14947 | D:12     | Killed a tengu warrior
 14948 | D:12     | Reached XP level 13. HP: 88/124 MP: 12/12
 14994 | D:12     | Identified the +2 war axe of Bloody Death {pain, rC+ Str-4
                  | Int+3 SInv}
 16066 | D:13     | Identified the +1 leather armour of Terror {Will+}
 16402 | D:14     | Identified the +4 chain mail of the Blessed Realm {Harm
                  | Drain Int+5}
 16909 | D:14     | Reached skill level 10 in Shields
 17837 | D:14     | Found a gate to the Vaults.
 17935 | D:15     | Entered Level 15 of the Dungeon
 17969 | D:15     | Found an iron altar of Okawaru.
 18553 | D:15     | Noticed a dire elephant
 18566 | D:15     | Noticed an emperor scorpion
 18575 | D:15     | Reached skill level 15 in Fighting
 18578 | D:15     | Killed a dire elephant
 18580 | D:15     | HP: 3/126 [slime creature (15)]
 18581 | D:15     | Reached XP level 14. HP: 2/135 MP: 13/13
 18592 | D:15     | Killed an emperor scorpion
 19161 | D:15     | Found a staircase to the Depths.
 19854 | Temple   | Entered the Ecumenical Temple
 20405 | D:14     | Identified a scroll of acquirement
 20659 | D:14     | Acquired the +1 pair of gloves "Kimeah" {Rampage Dex+4}
 20820 | Lair:1   | Entered Level 1 of the Lair of Beasts
 21262 | Lair:1   | Found a dark tunnel.
 21272 | Volcano  | Entered a volcano
 21419 | Volcano  | Received a gift from Trog
 22175 | Lair:2   | Found a hole to the Spider Nest.
 23889 | Lair:3   | Reached skill level 15 in Armour
 24217 | Lair:3   | Noticed Snorg
 24224 | Lair:3   | Killed Snorg
 24549 | Lair:3   | Found a staircase to the Shoals.
 25262 | Lair:4   | Found a runed translucent door.
 25267 | Lair:4   | Noticed Mexzic's ghost (journeyman TeCj)
 25953 | Lair:4   | Killed Mexzic's ghost
 26423 | Lair:5   | Received a gift from Trog
 26902 | Lair:5   | Found a staircase to the Slime Pits.
 27022 | Lair:5   | Reached XP level 15. HP: 143/143 MP: 14/14
 27661 | Lair:6   | Entered Level 6 of the Lair of Beasts
 28041 | Lair:6   | Identified the +6 rapier "Ulanweurch" {flame, Fly}
 28248 | Lair:6   | Received a gift from Trog
 28790 | Lair:6   | Reached skill level 15 in Shields
 29207 | Lair:6   | Identified the +5 mace "Hiafuar" {vorpal, rN+}
 29476 | Lair:6   | Identified the +11 morningstar of Trog {flame, rF+ Will+}
                  | (Trog gifted it to you on level 6 of the Lair of Beasts)
 29476 | Lair:6   | Received a gift from Trog
 29635 | Lair:6   | Reached ****** piety under Trog
 30053 | Orc:1    | Entered Level 1 of the Orcish Mines
 30053 | Orc:1    | Noticed Nergalle
 30076 | Orc:1    | Killed Nergalle
 30415 | Orc:2    | Entered Level 2 of the Orcish Mines
 30420 | Orc:2    | Noticed rayg00n's ghost (adept KoBr)
 30422 | Orc:2    | Found a transporter.
 30448 | Orc:2    | Found a transporter.
 30617 | Orc:2    | Found a staircase to the Elven Halls.
 30668 | Orc:2    | Found a bloodstained altar of Trog.
 30823 | Orc:2    | Found Hitosmasm's Book Boutique.
 30823 | Orc:2    | Found Umiuz's General Store.
 30850 | Orc:2    | Received a gift from Trog
 30866 | Orc:2    | Reached XP level 16. HP: 42/154 MP: 15/15
 31187 | Orc:2    | Found Parigh's Assorted Antiques.
 31193 | Orc:2    | Found Xumecugysm's General Store.
 31469 | Orc:2    | Killed rayg00n's ghost
 31819 | Orc:1    | Noticed Jorgrun
 31839 | Orc:1    | Killed Jorgrun
 32440 | Shoals:1 | Entered Level 1 of the Shoals
 33232 | Shoals:1 | Received a gift from Trog
 33588 | Shoals:1 | HP: 3/155 [harpy (8)]
 34127 | Shoals:1 | Reached skill level 10 in Evocations
 34434 | Shoals:1 | Found a runed translucent door.
 35288 | Shoals:2 | Noticed Ilsuiw
 35301 | Shoals:2 | HP: 5/155 [something (6)]
 35303 | Shoals:2 | Drowned by a water elemental

Illustrated notes

Levels and vault maps discovered:
D:1:      erik_arrival_triangle_small, layout_rooms, nrook_uturn
D:2:      layout_rooms, uniq_terence, uniq_jessica
D:3:      layout_loops_ring, st_stairs_13
D:4:      layout_rooms, cheibriados_altar_1, small_statue_intersection,
          kennysheep_generic_room_3, uniq_eustachio
D:5:      lemuel_castle_with_subvaults [lemuel_castle_interior_original],
          layout_basic, nemelex_xobeh_ov_fountains_minmay,
          mainiacjoe_overflow_24_doors, nicolae_wu_jian_wuxing_cycle,
          mainiacjoe_overflow_brackets, temple_statues, ebering_ghost_sewer_d,
          uniq_menkaure, uniq_edmund, uniq_grinder, uniq_blork_the_orc
D:6:      layout_basic, nicolae_vehumet_altar_sigil
D:7:      layout_basic, grunt_temple_overflow_open
D:8:      layout_gridville, nicolae_elyvilon_peaceful_grove,
          gammafunk_ghost_necromancy, grunt_decor_arrowhead
D:9:      layout_rooms, uniq_joseph
D:10:     layout_roguey, yredelemnul_altar_generic, david_orc_1_choice,
          uniq_harold
D:11:     layout_roguey, lair_entry_dummy, minmay_misc_feat_columns, uniq_grum
D:12:     minmay_the_grid_octo_triangle [minmay_the_grid_octo_fat_diamond,
          minmay_the_grid_octo_prize_single_spiral,
          minmay_the_grid_octo_thin_diamonds], layout_loops_ring,
          uniq_gastronok, uniq_kirke, uniq_azrael
D:13:     layout_roguey
D:14:     layout_irregular_city, ximxim_vaults_locker_room
D:15:     hangedman_depths_entry_try_elsewhere_first, layout_cross,
          chequers_serial_rivers_micro_e, okawaru_trees_1
Temple:   minmay_temple_bridge_abc
Lair:1:   layout_chaotic_city, enter_volcano_2, chequers_serial_rivers_micro_d
Lair:2:   layout_cave_pods, spider_nest_entry_rubble, lemuel_old_faithful
Lair:3:   layout_cave_shapes, elwin_shoals_entry_rooms, st_stairs_11,
          infiniplex_staircase_pool, serial_bayou_shore_b, uniq_snorg
Lair:4:   layout_cave_pods, ebering_ghost_inner_flame, st_stairs_7
Lair:5:   statuecave_lemuel, layout_regular_city, slime_dummy,
          grunt_megastairs_4
Lair:6:   minmay_lair_end_enchanted_forest, layout_gridlike, grunt_megastairs_3
Shoals:1: layout_shoals, lightli_airlock
Shoals:2: layout_shoals, uniq_ilsuiw, uniq_frances
Orc:1:    layout_caves, uniq_nergalle, uniq_jorgrun
Orc:2:    st_orc_open, layout_caves, gammafunk_ghost_wrathful_warriors

Skill      XL: |  1  2  3  4  5  6  7  8  9 10 11 12 13 14 15 16 |
---------------+-------------------------------------------------+-----
Axes           | 4 5 |  5.4
Fighting       | 4 5 6 7 8 9 11 13 14 15 16 17 | 17.2
Maces & Flails | 2 3 5 7 9 11 12 13 | 13.7
Armour         | 3 4 5 6 8 10 12 13 14 15 16 | 16.0
Shields        | 2 4 5 8 11 14 16 17 | 17.1
Dodging        | 5 6 |  6.3
Evocations     | 3 5 6 8 9 10 | 10.0

Action                   |  1- 3 |  4- 6 |  7- 9 | 10-12 | 13-15 | 16-18 || total
-------------------------+-------+-------+-------+-------+-------+-------++-------
Melee: Hand axe          |    87 |       |       |       |       |       ||    87
       Headbutt          |    12 |    12 |    44 |   138 |   408 |    53 ||   667
       Flail             |       |    85 |       |       |       |       ||    85
       Whip              |       |       |   246 |   578 |  1141 |       ||  1965
       Unarmed           |       |       |       |    18 |       |       ||    18
       Morningstar       |       |       |       |       |   114 |   236 ||   350
Invok: Berserk           |     1 |     2 |     2 |    14 |     3 |     2 ||    24
       Trog's Hand       |       |     3 |       |     3 |       |     3 ||     9
       Brothers in Arms  |       |       |       |     2 |    10 |     4 ||    16
 Abil: Evoke Blink       |       |       |       |     2 |       |       ||     2
Evoke: Wand              |       |       |       |       |     4 |     1 ||     5
       Phial of floods   |       |       |       |       |     1 |       ||     1
       Lightning rod     |       |       |       |       |       |     1 ||     1
  Use: Potion            |       |     2 |       |     4 |     2 |     5 ||    13
       Scroll            |       |       |       |       |    32 |     1 ||    33
 Stab: Distracted        |       |       |     2 |     6 |    24 |     1 ||    33
       Invisible         |       |       |       |       |       |     2 ||     2
Armor: Leather armour    |    15 |       |       |       |       |       ||    15
       Ring mail         |    10 |    55 |    47 |       |       |       ||   112
       Plate armour      |       |       |    31 |    93 |       |       ||   124
       Scale mail        |       |       |       |   144 |   388 |   122 ||   654
Dodge: Dodged            |    53 |    67 |    92 |   162 |   304 |   128 ||   806
Block: Buckler           |       |       |     8 |    33 |       |       ||    41
       Kite shield       |       |       |       |    70 |    54 |       ||   124
       Tower shield      |       |       |       |       |  1035 |   390 ||  1425

Table legend: (Time is in decaauts)
 A = Elapsed time spent in this place.
 B = Non-inter-level travel time spent in this place.
 C = Inter-level travel time spent in this place.
 D = Time resting spent in this place.
 E = Time spent auto-exploring this place.
 F = Levels seen in this place.
 G = Mean time per level.
                   A        B        C        D        E       F      G
               +--------+--------+--------+--------+--------+-----+--------+
         Total |  34964 |  32487 |   2477 |   9930 |  17320 |  27 | 1295.0 |
       Dungeon |  20591 |  18698 |   1893 |   6542 |   9286 |  15 | 1372.7 |
        Temple |    202 |    180 |     22 |      0 |    174 |   1 |  202.0 |
          Lair |   9176 |   8804 |    372 |   1572 |   5851 |   6 | 1529.3 |
        Shoals |   2361 |   2330 |     31 |    790 |   1178 |   2 | 1180.5 |
  Orcish Mines |   2297 |   2140 |    157 |   1025 |    746 |   2 | 1148.5 |
       Volcano |    335 |    335 |      0 |      0 |     85 |   1 |  335.0 |
               +--------+--------+--------+--------+--------+-----+--------+

Top non-repeatable levels by time:
    D:12: 3075 daAuts
    D:14: 2492 daAuts
Shoals:1: 2320 daAuts
     D:5: 2308 daAuts
  Lair:6: 2129 daAuts
    D:11: 2098 daAuts
    D:10: 1873 daAuts
  Lair:2: 1611 daAuts
  Lair:3: 1590 daAuts
  Lair:4: 1589 daAuts
   Orc:2: 1423 daAuts
     D:3: 1260 daAuts
  Lair:5: 1251 daAuts
     D:4: 1092 daAuts
     D:8: 1024 daAuts
